 Dungeon Crawl Stone Soup version 0.22-a0-282-gdd34a7dfb5 (webtiles) character file.

56 Manul the Sneak (level 3, 0/24 HPs)
             Began as an Octopode Assassin on Mar 18, 2018.
             Slain by Grinder (6 damage)
             ... while paralysed by Grinder
             ... on level 3 of the Dungeon.
             The game lasted 00:02:02 (1566 turns).

Manul the Sneak (Octopode Assassin)                 Turns: 1566, Time: 00:02:02

Health: 0/24       AC:  1    Str: 10    XL:     3   Next: 95%
Magic:  3/3        EV:  2    Int: 13    God:
Gold:   119        SH:  0    Dex: 19    Spells: 2/2 levels left

rFire    . . .     SeeInvis .   a - +2 dagger
rCold    . . .     Gourm    .   j - +0 buckler
rNeg     . . .     Faith    .   (helmet restricted)
rPois    .         Spirit   .   (no amulet)
rElec    .         Reflect  .   (no ring)
rCorr    .         Harm     .   (no ring)
MR       .....                  (no ring)
Stlth    ++++++....             (no ring)
HPRegen  0.08/turn              (no ring)
MPRegen  0.08/turn              (no ring)
                                (no ring)
                                (no ring)

@: paralysed, agile
A: almost no armour, stealthy swim, amphibious, 8 rings, constrict 8, camouflage
1, gelatinous body 1
a: no special abilities


You were on level 3 of the Dungeon.
You were not hungry.

You visited 1 branch of the dungeon, and saw 3 of its levels.

You collected 119 gold pieces.

Inventory:

Hand Weapons
 a - a +2 dagger (weapon)
 b - a +0 blowgun
Missiles
 c - 19 poisoned needles
 d - 2 curare-tipped needles
Armour
 j - a +0 buckler (worn)
Scrolls
 e - 3 scrolls of identify
 h - a scroll of enchant weapon {unknown}
 i - a scroll of remove curse
 l - a scroll of magic mapping {unknown}
 m - a scroll of teleportation {unknown}
 n - a scroll of fear {unknown}
Potions
 g - a potion of curing
Comestibles
 f - 2 rations


   Skills:
 + Level 2.1 Fighting
 + Level 2.3 Short Blades
 - Level 2.0 Throwing
 + Level 1.1 Dodging
 * Level 6.9 Stealth
 * Level 0.4 Shields


You had 2 spell levels left.
You didn't know any spells.

Dungeon Overview and Level Annotations

Branches:
Dungeon (2/15)

Altars:

Annotations:
D:3 Grinder


Innate Abilities, Weirdness & Mutations

You cannot wear most types of armour.
You are very stealthy in the water. (Stealth+)
You are amphibious.
You can wear up to eight rings at the same time.
You can use your tentacles to constrict eight enemies at once.
Your skin changes colour to match your surroundings (Stealth+).
Your rubbery body absorbs attacks. (AC +1, EV +1)


Message History

Grinder is moderately wounded.
You constrict Grinder. You block Grinder's attack.
You hit Grinder.
Grinder is moderately wounded.
You constrict Grinder, but do no damage.
Grinder gestures at you. Pain shoots through your body!
* * * LOW HITPOINT WARNING * * *
Unknown command.
As you read the scroll labeled BAEROO VUPOT, it crumbles to dust.
It is a scroll of amnesia.
You feel forgetful for a moment.
You constrict Grinder. Grinder closely misses you.
As you read the scroll labeled IXAZAMEMNU, it crumbles to dust.
You feel blessed for a moment.
It was a scroll of remove curse.
You constrict Grinder, but do no damage.
Grinder gestures at you.
You suddenly lose the ability to move!
You lose your grip on Grinder.
Grinder hits you.
You die...

#.####..##.##..
.. #...(.# #.#
#..###.# . #.
#.## .. #..# ..
##.# . #.##
#?.# ##@# #5#
#.. ..#. ###.#
#


You could see Grinder.

Vanquished Creatures
  3 adders (D:2)
  A leopard gecko (D:2)
  An orc (D:2)
  4 bats
  A giant cockroach (D:1)
  3 goblins
  3 hobgoblins
  2 frilled lizards (D:2)
  3 kobolds
  5 rats
26 creatures vanquished.

Notes
Turn   | Place    | Note
-------+----------+-------------------------------------------
     0 | D:1      | Manul the Octopode Assassin began the quest for the Orb.
     0 | D:1      | Reached XP level 1. HP: 14/14 MP: 1/1
   181 | D:1      | You fall through a shaft!
   249 | D:2      | Reached XP level 2. HP: 16/19 MP: 2/2
   309 | D:2      | Reached skill level 6 in Stealth
   405 | D:2      | Reached XP level 3. HP: 24/24 MP: 3/3
  1542 | D:2      | You fall through a shaft!
  1554 | D:3      | Noticed Grinder
  1565 | D:3      | Paralysed by Grinder for 6 turns
  1566 | D:3      | Slain by Grinder

Vault maps used:
D:1:      minmay_arrival_four_loops, minmay_hedge_maze, minmay_tromino_v2
D:2:      chequers_ecumenical_altar_twisty, minivault_11
D:3:      kennysheep_orc_chapel, uniq_grinder, uniq_terence,
          uniq_crazy_yiuf_cottage, uniq_natasha

Skill      XL: |  1  2 |
---------------+-------+-----
Stealth        | 6 |  6.9
Fighting       | |  2.1
Short Blades   | |  2.3
Throwing       | |  2.0
Dodging        | |  1.1
Shields        | |  0.4

Action                   || total
-------------------------++-------
Melee: Dagger            ||    44
       Constrict         ||     7
       Tentacles         ||     4
  Use: Scroll            ||     3
       Potion            ||     1
 Stab: Sleeping          ||    12
       Distracted        ||     1
  Eat: Chunk             ||     2
Armor: Skin              ||     1
Dodge: Dodged            ||    12
Block: Buckler           ||     4

Table legend:
 A = Spawn XP
 B = Non-spawn XP
 C = Spawn XP percentage of total XP
 D = Spawn monster count
 E = Non-spawn monster count
 F = Spawn count percentage of total count
 G = Total turns spent on level
                    A         B        C        D         E        F      G
               +---------+---------+-------+---------+---------+-------+---------
         Total |       0 |      80 |   0.0 |       0 |      26 |   0.0 |  1566
               +---------+---------+-------+---------+---------+-------+---------
           D:1 |       0 |      19 |   0.0 |       0 |      11 |   0.0 |  1158
           D:2 |       0 |      61 |   0.0 |       0 |      15 |   0.0 |   384
               +---------+---------+-------+---------+---------+-------+---------
